 Dungeon Crawl Stone Soup version 0.28.0-47-ge53b351184 (webtiles) character file.

Game seed: 10757096899570386088

112 101zpm the Ducker (level 4, 0/41 HPs)
             Began as a Troll Hedge Wizard on Apr 28, 2022.
             Slain by an adder (1 damage)
             ... on level 2 of the Dungeon.
             The game lasted 00:03:35 (1890 turns).

101zpm the Ducker (Troll Hedge Wizard)              Turns: 1890, Time: 00:03:36

Health: 0/41       AC:  4    Str: 18    XL:     4   Next: 64%
Magic:  6/6        EV:  8    Int: 12    God:
Gold:   63         SH:  6    Dex:  9    Spells: 6/7 levels left

rFire   . . .      SeeInvis .   a - +0 dagger
rCold   . . .      Faith    .   l - +0 kite shield
rNeg    . . .      Spirit   .   b - +0 robe
rPois   .          Reflect  .   c - +0 hat
rElec   .          Harm     .   (no cloak)
rCorr   .          Rampage  .   (gloves unavailable)
Will    .....                   (boots unavailable)
Stlth   +.........              (no amulet)
HPRegen 0.93/turn               (no ring)
MPRegen 0.10/turn               (no ring)

@: lethally poisoned (0 -> 0)
A: large, unfitting armour, claws 3, regeneration 1, shaggy fur 1, tough skin 1
a: no special abilities


You were on level 2 of the Dungeon.
You visited 1 branch of the dungeon, and saw 3 of its levels.

You collected 63 gold pieces.

Inventory:

Hand Weapons
 a - a +0 dagger (weapon)
Armour
 b - a +0 robe (worn)
 c - a +0 hat (worn)
 k - a +0 robe of fire resistance
 l - a +0 kite shield (worn)
Jewellery
 m - a +4 ring of protection
 p - a +6 ring of strength
Scrolls
 d - 3 scrolls of identify
 e - a scroll of enchant armour {unknown}
 h - a scroll of magic mapping {unknown}
 i - 2 scrolls of summoning {unknown}
 n - 3 scrolls of teleportation {unknown}
Potions
 f - a potion of cancellation {unknown}
 g - a potion of heal wounds {unknown}
 j - 2 potions of degeneration
 o - a potion of flight {unknown}


   Skills:
 + Level 1.1 Fighting
 + Level 1.3 Short Blades
 + Level 2.7 Dodging
 + Level 1.1 Stealth
 + Level 0.5 Shields
 + Level 2.2 Spellcasting
 + Level 0.6 Conjurations
 + Level 0.6 Summonings
 + Level 0.6 Translocations


You had 6 spell levels left.
You knew the following spells:

 Your Spells              Type           Power      Damage    Failure   Level
a - Magic Dart            Conj           8%         1d3       47%         1

Your spell library contained the following spells:

 Spells                   Type           Power      Damage    Failure   Level
 Slow                     Hex            4%         N/A       56%         1
 Blink                    Tloc           4%         N/A       63%         2
 Call Imp                 Summ           2%         N/A       63%         2
 Conjure Flame            Conj/Fire      2%         6-21      88%         3
 Dazzling Flash           Conj/Hex       4%         N/A       88%         3
 Mephitic Cloud           Conj/Pois/Air  1%         N/A       88%         3
 Agony                    Necr           1%         N/A       100%        5
 Silence                  Hex/Air        0%         N/A       100%        5


Dungeon Overview and Level Annotations

Branches:
Dungeon (3/15)

Altars:


Innate Abilities, Weirdness & Mutations

You are too large for most types of armour.
You have claws for hands.
Your natural rate of healing is unusually fast.
You are covered in fur. (AC +1)
You have tough skin. (AC +1)


Message History

The adder is lightly wounded.
The adder bites you.
* * * LOW HITPOINT WARNING * * *
You closely miss the adder.
The adder is lightly wounded.
You block the adder's attack. The adder barely misses you.
You barely miss the adder.
The adder is lightly wounded.
You block the adder's attack.
You closely miss the adder.
The adder is lightly wounded.
The adder bites you.
* * * LOW HITPOINT WARNING * * *
You are poisoned.
The adder poisons you!
You miss the adder.
The adder is lightly wounded.
You feel sick. The adder completely misses you. You block the adder's attack.
You hit the adder.
The adder is heavily wounded.
You feel sick. You block the adder's attack.
You barely miss the adder.
The adder is heavily wounded.
You feel sick. The adder barely misses you. x2
You barely miss the adder.
The adder is heavily wounded.
You feel sick.
You are no longer poisoned.
The adder bites you.
* * * LOW HITPOINT WARNING * * *
You are poisoned.
The adder poisons you!
You closely miss the adder.
The adder is heavily wounded.
You feel sick. The adder bites you.
* * * LOW HITPOINT WARNING * * *
You closely miss the adder.
The adder is heavily wounded.
You feel sick. The adder closely misses you. The adder bites you.
You die...

#....#...#.#.#........# #...'.
####.#.......#........# #.###.
######.#.......#........# #.# ##
..#.......###...........# #.#
#.#.##.#................# #.#
#.#.##.รท...##..#........# #.#
#.#.##.....###.#.###########'####
#..........# #...# #.......#
......#.##.# ##S@# #.......#
###.#......# #..># #.......#
..#...#.########## #.......#
#.#.#.#.#......######## #.......#
#.#.#.#.##.#..........###.......#
..#.....##.#............'.......#
#####.#....#...........##.......#
#####.#...#....#######.##........
....#.#.#.#.##########'#######...


You could see an adder.

Vanquished Creatures
  5 adders
  A gnoll (D:1)
  A worm (D:2)
  2 dart slugs
  6 endoplasms
  2 giant cockroaches
  5 goblins
  7 jackals (D:2)
  3 kobolds
  2 quokkas (D:1)
  4 ball pythons
  7 bats
  2 frilled lizards (D:2)
  3 rats
50 creatures vanquished.

Notes
Turn   | Place    | Note
-------+----------+-------------------------------------------
     0 | D:1      | 101zpm the Troll Hedge Wizard began the quest for the Orb.
     0 | D:1      | Reached XP level 1. HP: 16/16 MP: 2/2
   147 | D:1      | Reached XP level 2. HP: 24/24 MP: 4/4
   504 | D:1      | Reached XP level 3. HP: 18/32 MP: 5/5
  1078 | D:2      | Reached skill level 1 in Fighting
  1109 | D:2      | Reached XP level 4. HP: 41/41 MP: 6/6
  1376 | D:2      | Reached skill level 1 in Short Blades
  1836 | D:3      | Noticed a centaur
  1852 | D:3      | HP: 2/41 [centaur/arrow (4)]
  1870 | D:2      | HP: 2/41 [adder (4)]
  1889 | D:2      | HP: 1/41 [adder (2)]
  1890 | D:2      | Slain by an adder

Illustrated notes

Levels and vault maps discovered:
D:1:      lightli_arrival_windingriver, layout_basic, kennysheep_crisscross,
          grunt_decor_mini_mirrors
D:2:      layout_basic
D:3:      layout_rooms, nicolae_ashenzari_panopticon,
          chequers_ecumenical_altar_island

Skill      XL: |  1  2  3  4 |
---------------+-------------+-----
Dodging        | 2 |  2.7
Fighting       | 1 |  1.1
Short Blades   | 1 |  1.3
Stealth        | |  1.1
Shields        | |  0.5
Spellcasting   | |  2.2
Conjurations   | |  0.6
Summonings     | |  0.6
Translocations | |  0.6

Action                   |  1- 3 |  4- 6 || total
-------------------------+-------+-------++-------
Melee: Dagger            |   208 |   182 ||   390
  Use: Scroll            |       |     1 ||     1
 Stab: Sleeping          |     3 |     1 ||     4
Armor: Robe              |   129 |    91 ||   220
Dodge: Dodged            |   112 |    97 ||   209
Block: Kite shield       |    54 |    87 ||   141
